 Dungeon Crawl Stone Soup version 0.28.0-43-g3370ac3207 (webtiles) character file.

Game seed: 10513022299553813089

32 cbfl8 the Sneak (level 3, -3/33 HPs)
             Began as a Minotaur Delver on Mar 24, 2022.
             Slain by a killer bee (7 damage)
             ... on level 5 of the Dungeon.
             The game lasted 00:00:13 (190 turns).

cbfl8 the Sneak (Minotaur Delver)                    Turns: 190, Time: 00:00:14

Health: -3/33      AC:  3    Str: 18    XL:     3   Next: 8%
Magic:  2/2        EV: 12    Int:  7    God:
Gold:   0          SH:  0    Dex: 11    Spells: 2/2 levels left

rFire   . . .      SeeInvis .   a - +0 hand axe
rCold   . . .      Faith    .   (no shield)
rNeg    . . .      Spirit   .   b - +0 leather armour
rPois   .          Reflect  .   (helmet restricted)
rElec   .          Harm     .   (no cloak)
rCorr   .          Rampage  .   (no gloves)
Will    .....                   (no boots)
Stlth   ++........              (no amulet)
HPRegen 0.11/turn               (no ring)
MPRegen 0.08/turn               (no ring)

@: lethally poisoned (-3 -> -9)
A: horns 2, retaliatory headbutt
a: no special abilities


You were on level 5 of the Dungeon.
You visited 1 branch of the dungeon, and saw 1 of its levels.

Inventory:

Hand Weapons
 a - a +0 hand axe (weapon)
Armour
 b - a +0 leather armour (worn)
Wands
 g - a wand of digging (3)
Scrolls
 c - a scroll of fog
 d - a scroll of magic mapping
 e - a scroll of fear
Potions
 f - a potion of haste


   Skills:
 + Level 3.9 Fighting
 + Level 2.9 Axes
 + Level 2.3 Dodging
 + Level 4.6 Stealth


You had 2 spell levels left.
You didn't know any spells.
Your spell library was empty.

Dungeon Overview and Level Annotations

Branches:
Dungeon (5/15)
 Temple: D:4-7

Altars:

Annotations:
D:5 2 transporters


Innate Abilities, Weirdness & Mutations

You have a pair of horns on your head.
You reflexively headbutt those who attack you in melee.


Message History

Found 10 gold pieces.
The orc priest shouts!
You hear a shout!
Found a scroll labelled LALEOS OVVE.
Found a transporter.
Found 14 gold pieces.
The shadow imp shouts, "Give up, thou foisting bat-fowling hedge-pig!"
Found a twisted fluorescent wand.
Found a transporter.
An iguana comes into view.
The iguana hisses angrily.
The shadow imp shouts, "Run away, thou lumpish elf-skinned efter!"
A killer bee comes into view.
A killer bee comes into view.
A killer bee comes into view. 2 killer bees come into view.
The killer bee buzzes angrily. x4
There is a transporter here.
The killer bee stings you. The killer bee closely misses you.
The killer bee barely misses you. You furiously retaliate!
You headbutt the killer bee. You barely miss the killer bee.
You miss the killer bee. x2
The killer bee stings you! x2; The killer bee stings you.
The killer bee closely misses you. The killer bee stings you.
* * * LOW HITPOINT WARNING * * *
The killer bee barely misses you. You furiously retaliate!
You headbutt the killer bee. The killer bee barely misses you.
You hit the killer bee.
The killer bee is moderately wounded.
You hit the killer bee. You barely miss the killer bee.
You hit the killer bee but do no damage.
The killer bee stings you.
* * * LOW HITPOINT WARNING * * *
You are lethally poisoned!
The killer bee poisons you! The killer bee barely misses you.
You furiously retaliate!
You headbutt the killer bee. The killer bee closely misses you.
You furiously retaliate!
You headbutt the killer bee!
You kill the killer bee!
The killer bee stings you but does no damage.
The killer bee stings you!
You die...

#........ #........
#......y #......
###....#
.#.#######.....####y##
.............y.y......
#....l©.@y..#
#.#########.#
#.#8P.©.P8#.#
#.#P../..P#.# #..#
#.####+####.# # #..#
#.#5≈...≈.#.# #.#..#
#.#o≈...≈.#.#
.#..###.#.≈P≈≈≈K#.#
........#.≈≈♣P≈


You could see a kobold demonologist, an iguana, 4 killer bees, an orc priest and
a shadow imp.

Vanquished Creatures
  A killer bee (D:5)
  A centaur zombie (D:5)
2 creatures vanquished.

Notes
Turn   | Place    | Note
-------+----------+-------------------------------------------
     0 | D:5      | cbfl8 the Minotaur Delver began the quest for the Orb.
     0 | D:5      | Reached XP level 1. HP: 19/19 MP: 0/0
    12 | D:5      | Noticed an orc priest
    25 | D:5      | Reached XP level 2. HP: 23/27 MP: 1/1
    25 | D:5      | Reached XP level 3. HP: 28/33 MP: 2/2
   166 | D:5      | Found a transporter.
   174 | D:5      | Found a transporter.
   182 | D:5      | Noticed a kobold demonologist
   183 | D:5      | Noticed a killer bee
   184 | D:5      | Noticed a killer bee
   185 | D:5      | Noticed a killer bee
   186 | D:5      | Noticed a killer bee
   186 | D:5      | Noticed a killer bee
   190 | D:5      | Killed a killer bee
   190 | D:5      | Slain by a killer bee

Illustrated notes

Levels and vault maps discovered:
D:5:      gammafunk_wand_slinger, layout_basic, nicolae_ashenzari_panopticon

Action                   || total
-------------------------++-------
Melee: Hand axe          ||    11
Armor: Leather armour    ||    12
Dodge: Dodged            ||    20
